 Dungeon Crawl Stone Soup version 0.25-a0-578-gc91f01c39c (webtiles) character file.

Game seed: 14043512423572465136, levelgen mode: deterministic

3621 Kohma the Martial Artist (level 10, -4/75 HPs)
             Began as a Gnoll Transmuter on Mar 6, 2020.
             Was an Elder of Makhleb.
             Shot with an arrow by a centaur (11 damage)
             ... on level 8 of the Dungeon.
             The game lasted 00:20:39 (8518 turns).

Kohma the Martial Artist (Gnoll Transmuter)         Turns: 8518, Time: 00:20:39

Health: -4/75      AC:  5    Str: 13    XL:     10   Next: 11%
Magic:  20/20      EV: 16    Int: 19    God:    Makhleb [****..]
Gold:   383        SH:  0    Dex: 15    Spells: 8/23 levels left

rFire    . . .     SeeInvis .     - Unarmed
rCold    . . .     Gourm    .   (no shield)
rNeg     . . .     Faith    .   b - +0 robe
rPois    .         Spirit   .   o - +1 helmet
rElec    .         Reflect  .   (no cloak)
rCorr    .         Harm     .   G - +0 pair of gloves
MR       .....                  (no boots)
Stlth    +++.......             (no amulet)
HPRegen  0.22/turn              (no ring)
MPRegen  0.17/turn              (no ring)

@: no status effects
A: distributed training, fangs 1, strong nose
a: Minor Destruction, Lesser Servant of Makhleb, Major Destruction, Renounce
Religion


You were on level 8 of the Dungeon.
You worshipped Makhleb.
Makhleb was greatly pleased with you.
You were near starving.

You visited 2 branches of the dungeon, and saw 9 of its levels.
You also visited: Sewer and Ossuary.

You collected 383 gold pieces.

Inventory:

Missiles
 a - 130 arrows
 i - 226 stones
 k - 112 sling bullets
 q - 44 poisoned darts (quivered)
 y - 5 curare-tipped darts
Armour
 b - a +0 robe (worn)
 g - a +0 ring mail
 o - a +1 helmet (worn)
 D - a cursed +0 chain mail
 G - a +0 pair of gloves (worn)
Wands
 p - a wand of flame (33)
 A - a wand of digging (2)
 C - a wand of scattershot (7)
 E - a wand of iceblast (11)
Scrolls
 e - 6 scrolls of teleportation
 h - a scroll of enchant armour
 j - 4 scrolls of identify
 l - 2 scrolls of blinking
 t - 4 scrolls of remove curse
 w - 3 scrolls of enchant weapon
 F - a scroll of magic mapping
Potions
 c - 7 potions of flight
 f - 2 potions of might
 m - 3 potions of haste
 n - a potion of mutation
 r - 2 potions of curing
 s - 2 potions of stabbing
 u - 2 potions of brilliance {unknown}
 v - 3 potions of heal wounds
 x - a potion of lignification
 B - a potion of cancellation
Comestibles
 d - 16 rations


   Skills:
 + Level 5.6 Fighting
 + Level 4.9 Short Blades
 + Level 4.9 Long Blades
 + Level 4.9 Axes
 + Level 4.9 Maces & Flails
 + Level 4.9 Polearms
 + Level 4.9 Staves
 + Level 4.9 Slings
 + Level 4.9 Bows
 + Level 4.9 Crossbows
 + Level 4.9 Throwing
 + Level 4.9 Armour
 + Level 6.7 Dodging
 + Level 4.9 Stealth
 + Level 4.9 Shields
 + Level 8.2 Unarmed Combat
 + Level 7.1 Spellcasting
 + Level 4.0 Conjurations
 + Level 4.0 Hexes
 + Level 4.0 Charms
 + Level 4.0 Summonings
 + Level 4.0 Necromancy
 + Level 4.0 Translocations
 + Level 5.6 Transmutations
 + Level 4.0 Fire Magic
 + Level 4.0 Ice Magic
 + Level 4.0 Air Magic
 + Level 4.0 Earth Magic
 + Level 4.0 Poison Magic
 + Level 5.3 Invocations
 + Level 4.9 Evocations


You had 8 spell levels left.
You knew the following spells:

 Your Spells              Type           Power        Failure   Level  Hunger
a - Beastly Appendage     Tmut           ####..       1%          1    None
b - Sticks to Snakes      Tmut           ####....     1%          2    None
c - Spider Form           Tmut/Pois      ####......   4%          3    #......
d - Ice Form              Ice/Tmut       ####....     14%         4    ###....
e - Blink                 Tloc           N/A          3%          2    None
f - Mephitic Cloud        Conj/Pois/Air  ###.....     6%          3    #......

Your spell library contained the following spells:

 Spells                   Type           Power        Failure   Level  Hunger
 Magic Dart               Conj           ###.         1%          1    None
 Call Imp                 Summ           ###.....     3%          2    None
 Slow                     Hex            ###.....     3%          2    None
 Conjure Flame            Conj/Fire      ###.....     6%          3    #......
 Blade Hands              Tmut           ####......   28%         5    #####..


Dungeon Overview and Level Annotations

Branches:
Dungeon (8/15)             Temple (1/1) D:7           Sewer (visited)
Ossuary (visited)
   Lair: D:8-11

Altars:
Ashenzari
Cheibriados
Dithmenos
Elyvilon
Fedhas
Gozag
Hepliaklqana
Kikubaaqudgha
Makhleb
Nemelex Xobeh
Okawaru
Ru
Sif Muna
Trog
Uskayaw
Vehumet
Wu Jian
Xom
Yredelemnul
Zin
The Shining One

Shops:
D:7 (


Innate Abilities, Weirdness & Mutations

Your experience applies equally to all skills.
You have very sharp teeth.
Your uncanny sense of smell can sniff out nearby items.


Message History

You see here an arrow.
You feel much better.
Your transformation has ended.
Your +1 helmet unmelds from your body.
Your +0 pair of gloves unmelds from your body.
Your +0 robe unmelds from your body.
The centaur shoots an arrow.
The arrow hits you.
* * * LOW HITPOINT WARNING * * *
The arrow burns you.
* * * LOW HITPOINT WARNING * * *
The centaur shoots an arrow.
The arrow barely misses you.
The centaur shoots an arrow.
The arrow hits you!
* * * LOW HITPOINT WARNING * * *
The arrow burns you.
* * * LOW HITPOINT WARNING * * *
There is a stone staircase leading down, spattered with blood here.
You see here an arrow.
You can't go up here!
The centaur shoots an arrow.
The arrow hits you!
You die...

### ..# #.# ##### #.#
###############...#
###g###.c((((..@........#
#cg.c†.(#############...#
##chg##### ##.## ....hh.#
#.# .Y.....# #.#
........# #.# ##..<##.#
#########.# #...#
.#######.........# #####
...........######


You could see a centaur.

Vanquished Creatures
  A spriggan (D:7)
  Grum (D:8)
  A phantom (D:5)
  5 ogres
  3 wolves (D:8)
  5 centaurs
  2 big kobolds
  Blork the orc (D:6)
  5 elf zombies (Ossuary)
  2 bullfrogs (D:7)
  2 scorpions
  6 killer bees (D:8)
  A bullfrog zombie (D:7)
  4 centaur zombies (Ossuary)
  3 human zombies (Ossuary)
  A gnoll shaman (D:5)
  2 jellies (D:5)
  2 centaur skeletons (D:4)
  A bullfrog skeleton (D:6)
  4 orc wizards
  Terence (D:2)
  2 iguanas
  Ijyb (D:3)
  6 worker ants
  A hound zombie (D:7)
  3 mummies (Ossuary)
  Robin (D:2)
  4 gnolls
  A howler monkey zombie (D:5)
  7 adders
  A river rat (Sewer)
  2 oozes
  An adder zombie (D:7)
  5 worms
  2 dart slugs
  7 leopard geckos
  19 orcs
  A ball python (D:3)
  8 giant cockroaches
  15 hobgoblins
  15 jackals
  29 kobolds
  3 quokkas
  4 bats
  6 frilled lizards
  17 goblins
  2 jackal skeletons
  A quokka skeleton (D:4)
  14 rats
  8 plants (D:7)
239 creatures vanquished.

Vanquished Creatures (collateral kills)
  An adder (D:2)
  A worm (D:2)
  A kobold (D:2)
3 creatures vanquished.

Vanquished Creatures (others)
  2 gnolls (D:5)
  A ball python (D:5)
3 creatures vanquished.

Grand Total: 245 creatures vanquished

Notes
Turn   | Place    | Note
-------+----------+-------------------------------------------
     0 | D:1      | Kohma the Gnoll Transmuter began the quest for the Orb.
     0 | D:1      | Reached XP level 1. HP: 17/17 MP: 6/6
   224 | D:1      | Reached XP level 2. HP: 23/23 MP: 5/7
   234 | D:1      | Learned a level 2 spell: Sticks to Snakes
   531 | D:1      | Reached XP level 3. HP: 12/28 MP: 9/9
   765 | D:1      | Reached skill level 5 in Spellcasting
  1164 | D:2      | Reached skill level 1 in Invocations
  1373 | D:2      | Learned a level 3 spell: Spider Form
  1551 | D:2      | Noticed Terence
  1561 | D:2      | Reached skill level 1 in Short Blades
  1561 | D:2      | Reached skill level 1 in Long Blades
  1561 | D:2      | Reached skill level 1 in Axes
  1561 | D:2      | Reached skill level 1 in Maces & Flails
  1561 | D:2      | Reached skill level 1 in Polearms
  1561 | D:2      | Reached skill level 1 in Staves
  1561 | D:2      | Reached skill level 1 in Slings
  1561 | D:2      | Reached skill level 1 in Bows
  1561 | D:2      | Reached skill level 1 in Crossbows
  1561 | D:2      | Reached skill level 1 in Throwing
  1561 | D:2      | Reached skill level 1 in Armour
  1561 | D:2      | Reached skill level 1 in Stealth
  1561 | D:2      | Reached skill level 1 in Shields
  1561 | D:2      | Reached skill level 1 in Evocations
  1561 | D:2      | Reached XP level 4. HP: 27/34 MP: 1/11
  1570 | D:2      | Killed Terence
  1741 | D:2      | Reached skill level 1 in Conjurations
  1741 | D:2      | Reached skill level 1 in Hexes
  1741 | D:2      | Reached skill level 1 in Charms
  1741 | D:2      | Reached skill level 1 in Summonings
  1741 | D:2      | Reached skill level 1 in Necromancy
  1741 | D:2      | Reached skill level 1 in Translocations
  1741 | D:2      | Reached skill level 1 in Fire Magic
  1741 | D:2      | Reached skill level 1 in Ice Magic
  1741 | D:2      | Reached skill level 1 in Air Magic
  1741 | D:2      | Reached skill level 1 in Earth Magic
  1741 | D:2      | Reached skill level 1 in Poison Magic
  1797 | D:2      | Noticed Robin
  1805 | D:2      | Killed Robin
  1805 | D:2      | Reached XP level 5. HP: 40/40 MP: 6/12
  2320 | D:3      | Noticed Ijyb
  2329 | D:3      | Killed Ijyb
  2350 | D:3      | Found a faded altar of an unknown god.
  2919 | D:3      | Learned a level 4 spell: Ice Form
  2920 | D:4      | Found a burning altar of Makhleb.
  2941 | D:4      | Became a worshipper of Makhleb the Destroyer
  2962 | D:4      | Found a shattered altar of Ashenzari.
  2962 | D:4      | Found a glowing golden altar of the Shining One.
  2962 | D:4      | Found an iron altar of Okawaru.
  2964 | D:4      | Found a radiant altar of Vehumet.
  3056 | D:4      | Reached XP level 6. HP: 45/47 MP: 9/13
  3298 | D:4      | Reached skill level 5 in Dodging
  3453 | D:4      | Found a bloodstained altar of Trog.
  3856 | D:4      | Reached XP level 7. HP: 52/52 MP: 11/15
  3976 | D:4      | Reached skill level 7 in Unarmed Combat
  3976 | D:4      | Reached * piety under Makhleb
  4210 | D:5      | Entered Level 5 of the Dungeon
  4724 | D:5      | Found a snail-covered altar of Cheibriados.
  4778 | D:5      | Reached XP level 8. HP: 56/60 MP: 12/16
  4828 | D:5      | Found a shadowy altar of Dithmenos.
  4871 | D:5      | Found a glowing drain.
  4888 | Sewer    | Entered a sewer
  5224 | Sewer    | Found a white marble altar of Elyvilon.
  5534 | D:5      | Got a citrine-encrusted chain mail
  5701 | D:5      | Reached ** piety under Makhleb
  5812 | D:6      | Noticed Blork the orc
  5825 | D:6      | Killed Blork the orc
  5904 | D:6      | Identified the cursed +0 chain mail "Xoru" {rPois rC++
                  | Str-5} (You found it on level 5 of the Dungeon)
  5982 | D:6      | Found a sand-covered staircase.
  5990 | Ossuary  | Entered an ossuary
  6221 | Ossuary  | Reached XP level 9. HP: 66/66 MP: 10/18
  6230 | Ossuary  | Reached skill level 5 in Transmutations
  6529 | D:6      | Reached *** piety under Makhleb
  6975 | D:6      | Found a shimmering blue altar of Sif Muna.
  7129 | D:7      | Learned a level 2 spell: Blink
  7133 | D:7      | Learned a level 3 spell: Mephitic Cloud
  7165 | D:7      | Found Xajih's Weapon Shoppe.
  7191 | D:7      | Found a staircase to the Ecumenical Temple.
  7218 | Temple   | Entered the Ecumenical Temple
  7438 | D:7      | Reached skill level 5 in Fighting
  7782 | D:7      | Reached skill level 8 in Unarmed Combat
  8109 | D:7      | Reached skill level 5 in Invocations
  8485 | D:8      | Noticed Grum
  8489 | D:8      | Reached XP level 10. HP: 52/74 MP: 16/20
  8506 | D:8      | Killed Grum
  8506 | D:8      | Reached **** piety under Makhleb
  8518 | D:8      | Shot with an arrow by a centaur

Levels and vault maps discovered:
D:1:      evilmike_arrival_plus, layout_loops_ring
D:2:      layout_loops_ring, first_ration, uniq_robin, uniq_terence
D:3:      layout_loops_ring, chequers_ecumenical_altar_simple_redux,
          st_stairs_13, uniq_ijyb
D:4:      layout_basic, lemuel_coloured_pillars_altar, bloody_makhleb,
          grunt_temple_overflow_open
D:5:      layout_loops_ring, nicolae_dithmenos_through_a_glass_darkly,
          cheibriados_altar_1, cheibrodos_sewer_entry_drain, item_on_display_b
D:6:      layout_basic, lemuel_blue_sif_altar, nicolae_ossuary_entry_monument,
          uniq_blork_the_orc
D:7:      kennysheep_kobold_camp, layout_cave_pools,
          minmay_temple_entry_statues_pillars, serial_shops,
          kennysheep_mini_moat, the_bakery
D:8:      layout_loops_ring, marbit_many_paths, uniq_grum, uniq_erica
Temple:   minmay_temple_bridge_abc

Skill      XL: |  1  2  3  4  5  6  7  8  9 10 |
---------------+-------------------------------+-----
Spellcasting   | 5 6 7 |  7.1
Invocations    | 1 2 3 4 5 |  5.3
Short Blades   | 1 2 3 4 |  4.9
Long Blades    | 1 2 3 4 |  4.9
Axes           | 1 2 3 4 |  4.9
Maces & Flails | 1 2 3 4 |  4.9
Polearms       | 1 2 3 4 |  4.9
Staves         | 1 2 3 4 |  4.9
Slings         | 1 2 3 4 |  4.9
Bows           | 1 2 3 4 |  4.9
Crossbows      | 1 2 3 4 |  4.9
Throwing       | 1 2 3 4 |  4.9
Armour         | 1 2 3 4 |  4.9
Stealth        | 1 2 3 4 |  4.9
Shields        | 1 2 3 4 |  4.9
Evocations     | 1 2 3 4 |  4.9
Conjurations   | 1 2 3 4 |  4.0
Hexes          | 1 2 3 4 |  4.0
Charms         | 1 2 3 4 |  4.0
Summonings     | 1 2 3 4 |  4.0
Necromancy     | 1 2 3 4 |  4.0
Translocations | 1 2 3 4 |  4.0
Fire Magic     | 1 2 3 4 |  4.0
Ice Magic      | 1 2 3 4 |  4.0
Air Magic      | 1 2 3 4 |  4.0
Earth Magic    | 1 2 3 4 |  4.0
Poison Magic   | 1 2 3 4 |  4.0
Fighting       | 3 4 5 |  5.6
Transmutations | 4 5 |  5.6
Dodging        | 5 6 |  6.7
Unarmed Combat | 7 8 |  8.2

Action                   |  1- 3 |  4- 6 |  7- 9 | 10-12 || total
-------------------------+-------+-------+-------+-------++-------
Melee: Unarmed           |    92 |   183 |   549 |    15 ||   839
       Bite              |    10 |     5 |    24 |       ||    39
       Kick              |     1 |       |       |       ||     1
       Punch             |     2 |     2 |     3 |       ||     7
Throw: Throwing net      |       |     1 |       |       ||     1
       Dart              |       |       |    12 |       ||    12
 Cast: Beastly Appendage |     7 |       |       |       ||     7
       Sticks to Snakes  |     3 |     1 |       |       ||     4
       Spider Form       |     1 |    21 |    24 |       ||    46
       Ice Form          |       |       |     6 |       ||     6
  Use: Potion            |     1 |       |       |     1 ||     2
       Scroll            |       |       |    19 |       ||    19
 Stab: Sleeping          |       |     7 |     8 |       ||    15
       Distracted        |       |     1 |       |       ||     1
  Eat: Chunk             |     2 |     8 |    10 |       ||    20
       Ration            |       |       |     2 |       ||     2
Armor: Robe              |    15 |     5 |    14 |       ||    34
       Skin              |       |     5 |    21 |     1 ||    27
Dodge: Dodged            |    62 |   154 |   356 |    22 ||   594

Table legend:
 A = Non-vault XP
 B = Vault XP
 C = Vault XP percentage of total XP
 D = Non-vault monster count
 E = Vault monster count
 F = Vault count percentage of total count
                 A         B        C        D         E       F
            +---------+---------+-------+---------+---------+-------
      Total |    3118 |    2055 |  39.7 |     165 |      70 |  29.8
            +---------+---------+-------+---------+---------+-------
        D:1 |      46 |       0 |   0.0 |      25 |       0 |   0.0
        D:2 |      80 |      71 |  47.0 |      25 |      12 |  32.4
        D:3 |      73 |      38 |  34.2 |      23 |       3 |  11.5
        D:4 |     526 |       0 |   0.0 |      28 |       0 |   0.0
        D:5 |     773 |       3 |   0.4 |      19 |       2 |   9.5
        D:6 |     503 |      96 |  16.0 |      23 |       1 |   4.2
        D:7 |     739 |     351 |  32.2 |      16 |      22 |  57.9
        D:8 |     378 |     533 |  58.5 |       6 |       4 |  40.0
      Sewer |       0 |     126 | 100.0 |       0 |      11 | 100.0
    Ossuary |       0 |     837 | 100.0 |       0 |      15 | 100.0
            +---------+---------+-------+---------+---------+-------
